 Dungeon Crawl Stone Soup version 0.26-a0-800-g517d6fe721 (webtiles) character file.

Game seed: 16114194841038913180

848 ohmi the Slicer (level 8, -2/46 HPs)
             Began as a Kobold Delver on Nov 11, 2020.
             Was an Initiate of Dithmenos.
             Splashed by a jelly's acid (11 damage)
             ... on level 6 of the Dungeon.
             The game lasted 00:33:22 (6446 turns).

ohmi the Slicer (Kobold Delver)                     Turns: 6446, Time: 00:33:23

Health: -2/46      AC: -9    Str: 11    XL:     8   Next: 20%
Magic:  8/8        EV: 15    Int: 12    God:    Dithmenos [......]
Gold:   245        SH:  5    Dex: 16    Spells: 7/7 levels left

rFire    . . .     SeeInvis .   b - +0 arbalest
rCold    . . .     Faith    .   (shield currently unavailable)
rNeg     . . .     Spirit   .   H - +3 leather armour
rPois    .         Reflect  +   (no helmet)
rElec    .         Harm     .   v - scarf {repulsion}
rCorr    .         Rampage  .   y - +0 pair of gloves
MR       .....                  (no boots)
Stlth    +++++.....             p - amulet of reflection
HPRegen  0.15/turn              B - ring of wizardry
MPRegen  0.11/turn              (no ring)

@: corroded, repel missiles
A: small, nightstalker 3
a: Renounce Religion


You were on level 6 of the Dungeon.
You worshipped Dithmenos.
Dithmenos was noncommittal.
You visited 2 branches of the dungeon, and saw 7 of its levels.

You collected 245 gold pieces.

Inventory:

Hand Weapons
 a - a +2 dagger of speed
 b - a +0 arbalest (weapon)
Missiles
 c - 8 bolts (quivered)
 u - 10 poisoned darts
 E - 5 boomerangs
Armour
 v - a scarf of repulsion (worn)
 y - a +0 pair of gloves (worn)
 H - a +3 leather armour (worn)
Jewellery
 p - an amulet of reflection (around neck)
 B - a ring of wizardry (left hand)
 C - an uncursed amulet of the acrobat
Wands
 g - a wand of digging (3)
 G - a wand of flame (12)
Scrolls
 d - 2 scrolls of magic mapping
 j - a scroll of enchant weapon {unknown}
 k - a scroll of immolation {unknown}
 l - a scroll of noise
 m - 3 scrolls of identify
 n - 5 scrolls of remove curse
 q - a scroll of enchant armour {unknown}
 r - 2 scrolls of random uselessness
 s - a scroll of blinking {unknown}
 z - a scroll of amnesia
 A - a scroll of fog
 D - a scroll of fear
Potions
 e - 3 potions of flight
 f - a potion of haste
 h - 3 potions of heal wounds {unknown}
 i - a potion of berserk rage {unknown}
 o - a potion of curing
 t - 2 potions of lignification {unknown}
 w - a potion of resistance {unknown}
 x - 3 potions of attraction
 F - a potion of degeneration {unknown}
 I - a potion of brilliance {unknown}
 J - 2 potions of cancellation {unknown}


   Skills:
 + Level 3.5 Fighting
 * Level 9.7 Short Blades
 + Level 2.8 Crossbows
 - Level 2.4 Dodging
 - Level 8.7 Stealth


You had 7 spell levels left.
You didn't know any spells.
Your spell library contained the following spells:

 Spells                   Type           Power        Failure   Level
 Corona                   Hex            #......      17%         1
 Ensorcelled Hibernation  Hex/Ice        #.....       26%         2
 Confusing Touch          Hex            #.......     45%         3
 Dazzling Flash           Conj/Hex       #.....       45%         3
 Tukima's Dance           Hex            #.......     45%         3


Dungeon Overview and Level Annotations

Branches:
Dungeon (6/15)             Temple (1/1) D:4

Altars:
Ashenzari
Cheibriados
Dithmenos
Elyvilon
Fedhas
Gozag
Hepliaklqana
Kikubaaqudgha
Nemelex Xobeh
Okawaru
Ru
Trog
Uskayaw
Xom
Zin
The Shining One

Annotations:
D:6 Menkaure


Innate Abilities, Weirdness & Mutations

You are small and have problems with some larger weapons.
You are completely attuned to the shadows.


Message History

The jelly misses you.
You hit the jelly but do no damage.
Your hands burn!
The jelly is moderately wounded.
You hit the jelly. The acid corrodes you!
Your hands burn!
* * * LOW HITPOINT WARNING * * *
The jelly is moderately wounded.
Okay, then.
b - a +0 arbalest (weapon)
The jelly misses you.
Firing (i - inventory. (/) - cycle)
c - 9 bolts (quivered)
Press: ? - help, Shift-Dir - straight line, f - jelly
Aim: a jelly (moderately wounded)
You shoot a bolt.
The bolt hits the jelly but does no damage.
The jelly is moderately wounded.
You hear a shout! x2
The jelly hits you.
* * * LOW HITPOINT WARNING * * *
You are splashed with acid!
You die...

##'####........#
#.####..#####.#
#......><.....#
######.########
#.#...##
#.#.8('# .
#.#...#.OM
#.#(..#..#
#.@J8..# #
###...#.# #...#
O# #.8.+ . #...#
#####


You could see a jelly.

Vanquished Creatures
  A black bear (D:6)
  2 ogres
  A centaur (D:5)
  A bullfrog (D:6)
  A howler monkey (D:5)
  A bullfrog zombie (D:6)
  A hound (D:5)
  An orc priest (D:3)
  An orc wizard (D:3)
  A centaur skeleton (D:5)
  3 worker ants
  A gnoll (D:4)
  A worker ant zombie (D:6)
  4 adders
  3 ufetubi (D:5)
  An ooze (D:5)
  A worm (D:2)
  6 dart slugs
  4 leopard geckos
  11 orcs
  6 bats
  2 giant cockroaches
  9 goblins
  4 hobgoblins
  10 jackals
  2 quokkas
  5 ball pythons
  A ball python zombie (D:5)
  8 frilled lizards
  6 kobolds
  A quokka skeleton (D:5)
  6 rats
106 creatures vanquished.

Notes
Turn   | Place    | Note
-------+----------+-------------------------------------------
     0 | D:5      | ohmi the Kobold Delver began the quest for the Orb.
     0 | D:5      | Reached XP level 1. HP: 14/14 MP: 1/1
   309 | D:3      | Reached skill level 3 in Short Blades
   439 | D:2      | Reached XP level 2. HP: 19/19 MP: 2/2
   633 | D:2      | Noticed a +0 hand axe
   634 | D:2      | Noticed a +0 hand axe
   635 | D:2      | Found a hide-covered altar of Uskayaw.
   716 | D:1      | Reached XP level 3. HP: 23/23 MP: 3/3
  1104 | D:1      | Reached skill level 4 in Short Blades
  1606 | D:2      | Reached XP level 4. HP: 28/28 MP: 4/4
  1614 | D:2      | Found a hazy altar of Hepliaklqana.
  1679 | D:2      | You fall into a shaft and drop 2 floors!
  1813 | D:4      | Reached skill level 5 in Short Blades
  1891 | D:4      | Found a staircase to the Ecumenical Temple.
  1899 | Temple   | Entered the Ecumenical Temple
  2926 | D:3      | Reached skill level 1 in Crossbows
  2995 | D:3      | Reached XP level 5. HP: 29/32 MP: 5/5
  3039 | D:3      | Found a glowing silver altar of Zin.
  3776 | D:3      | Reached skill level 6 in Short Blades
  4102 | D:4      | Reached XP level 6. HP: 37/37 MP: 6/6
  4146 | D:4      | Noticed an ogre
  4148 | D:4      | Killed an ogre
  4148 | D:4      | Reached skill level 7 in Short Blades
  4265 | D:4      | Found a sacrificial altar of Ru.
  5140 | D:5      | Reached XP level 7. HP: 41/41 MP: 7/7
  5170 | D:5      | Found a shadowy altar of Dithmenos.
  5172 | D:5      | Found a glowing golden altar of the Shining One.
  5175 | D:5      | Became a worshipper of Dithmenos the Shadowed
  5244 | D:5      | Reached skill level 8 in Short Blades
  5960 | D:6      | Noticed Menkaure
  6024 | D:6      | Reached skill level 9 in Short Blades
  6039 | D:6      | Reached XP level 8. HP: 24/46 MP: 8/8
  6226 | D:6      | Found an opulent altar of Gozag.
  6446 | D:6      | Splashed by a jelly's acid

Illustrated notes

Levels and vault maps discovered:
D:1:      dpeg_arrival_more_subterranean_lakeside_camping, layout_rooms,
          grunt_decor_fettered
D:2:      layout_loops_ring, overflow_temple_1_default, dancing_weapons_uskayaw,
          grunt_ministairs_7, nrook_uturn
D:3:      layout_basic, old_standard_altar
D:4:      layout_basic, old_standard_altar,
          minmay_temple_entry_drinking_statues, nicolae_ossuary_entry_ruins
D:5:      layout_loops_corners, grunt_temple_overflow_open
D:6:      minmay_chambers_of_threes, layout_basic,
          minmay_overflow_temple_star_hex, nicolae_gozag_seed_capital,
          uniq_menkaure, uniq_grinder
Temple:   compressed_dpeg_triangle_lava_temple

Skill      XL: |  1  2  3  4  5  6  7 |
---------------+----------------------+-----
Short Blades   | 3 4 5 6 7 9 |  9.7
Stealth        | 7 8 |  8.7
Crossbows      | 1 2 |  2.8
Fighting       | |  3.5
Dodging        | |  2.4

Action                   |  1- 3 |  4- 6 |  7- 9 || total
-------------------------+-------+-------+-------++-------
Melee: Short sword       |    90 |    66 |       ||   156
       Dagger            |       |   130 |   167 ||   297
 Fire: Arbalest          |       |    10 |    15 ||    25
Throw: Dart              |     3 |    14 |     6 ||    23
  Use: Scroll            |       |     9 |     4 ||    13
       Potion            |       |     2 |     1 ||     3
 Stab: Sleeping          |    13 |    12 |     2 ||    27
       Distracted        |       |     1 |       ||     1
Armor: Leather armour    |    16 |    27 |    22 ||    65
Dodge: Dodged            |    56 |   120 |    60 ||   236
       Repelled          |       |     1 |       ||     1
Block: Other             |       |     5 |    15 ||    20

Table legend: (Time is in decaauts)
 A = Elapsed time spent in this place.
 B = Non-inter-level travel time spent in this place.
 C = Inter-level travel time spent in this place.
 D = Time resting spent in this place.
 E = Time spent auto-exploring this place.
 F = Levels seen in this place.
 G = Mean time per level.
                   A        B        C        D        E       F      G
               +--------+--------+--------+--------+--------+-----+--------+
         Total |   6266 |   6060 |    206 |   1047 |   3604 |   7 |  895.1 |
       Dungeon |   5925 |   5719 |    206 |   1047 |   3319 |   6 |  987.5 |
        Temple |    340 |    340 |      0 |      0 |    285 |   1 |  340.0 |
               +--------+--------+--------+--------+--------+-----+--------+

Top non-repeatable levels by time:
     D:3: 1326 daAuts
     D:5: 1296 daAuts
     D:2: 1083 daAuts
     D:4: 882 daAuts
     D:1: 831 daAuts
     D:6: 505 daAuts
  Temple: 340 daAuts
